 Dungeon Crawl Stone Soup version 0.29.0-13-gc9e81de378 (webtiles) character file.

Game seed: 12379428510168746405

2 snetch the Stinger (level 1, 0/14 HPs)
             Began as a Meteoran Wanderer on Sept 9, 2022.
             Slain by a rat (2 damage)
             ... on level 3 of the Dungeon.
             The game lasted 00:02:07 (144 turns).

snetch the Stinger (Meteoran Wanderer)               Turns: 144, Time: 00:02:08

Health: 0/14       AC:  7    Str: 14    XL:     1   Next: 42%
Magic:  2/3        EV:  9    Int: 13    God:
Gold:   0          SH:  0    Dex: 12    Spells: 1/2 levels left

rFire   . . .      SeeInvis .   a - +0 club
rCold   . . .      Faith    .   (no shield)
rNeg    . . .      Spirit   .   c - +0 scale mail
rPois   .          Reflect  .   (no helmet)
rElec   .          Harm     .   (no cloak)
rCorr   .          Rampage  .   (no gloves)
Will    .....                   (no boots)
Stlth   ..........              (no amulet)
HPRegen 0.04/turn               (no ring)
MPRegen 0.08/turn               (no ring)

@: slowed, glowing, very slow
A: sense surroundings 1, otherworldly, glowing, explore regen
a: no special abilities


You were on level 3 of the Dungeon.
You visited 1 branch of the dungeon, and saw 3 of its levels.

Inventory:

Hand Weapons
 a - a +0 club (weapon)
Armour
 c - a +0 scale mail (worn)
Potions
 b - a potion of lignification
 d - a potion of haste {unknown}


   Skills:
 + Level 3.8 Armour
 + Level 1.2 Dodging
 + Level 1.3 Spellcasting
 + Level 1.2 Hexes
 + Level 4.8 Poison Magic


You had one spell level left.
You knew the following spells:

 Your Spells              Type           Power      Damage    Failure   Level
a - Sting                 Tmut/Pois      28%        1d4       36%         1

Your spell library contained the following spells:

 Spells                   Type           Power      Damage    Failure   Level
 Slow                     Hex            16%        N/A       54%         1
 Ignite Poison            Fire/Tmut/Pois 5%         N/A       86%         3
 Mephitic Cloud           Conj/Pois/Air  5%         N/A       86%         3
 Dazzling Flash           Conj/Hex       4%         N/A       94%         3


Dungeon Overview and Level Annotations

Branches:
Dungeon (3/15) Zot: 1612

Altars:

Annotations:
D:3 Natasha


Innate Abilities, Weirdness & Mutations

You passively map a small area around you.
You are easily found by Zot.
You glow in the dark.
You regain HP and MP as you explore.


Message History

Press: ? - help, Q - select action Shift-Dir - straight line, f - Natasha
Aim: Natasha (60% to hit)
The sting hits Natasha.
Natasha is poisoned.
Natasha is lightly wounded.
The rat bites you but does no damage.
You closely miss the rat.
Natasha stares at you and mumbles some strange words.
The magic dart hits you. The rat bites you but does no damage.
Natasha drinks a potion.
Natasha is healed!
Natasha looks more healthy.
Unknown command.
You completely miss the rat. The rat bites you but does no damage.
The rat barely misses you.
Unknown command.
You closely miss the rat.
Natasha stares at you and mumbles some strange words.
The magic dart hits you. The rat bites you but does no damage.
Unknown command.
Aiming: Sting (safe; 36% risk of failure)
Press: ? - help, Q - select action Shift-Dir - straight line, f/p - Natasha
Aim: Natasha (60% to hit)
The sting misses Natasha.
Natasha closely misses you. The rat bites you.
* * * LOW HITPOINT WARNING * * *
You hit Natasha but do no damage. Natasha claws you but does no damage.
The rat twitches its whiskers.
The rat bites you but does no damage.
Natasha stares at you and mumbles some strange words.
You feel yourself slow down.
Unknown command.
You miss Natasha. The rat closely misses you. Natasha claws you.
* * * LOW HITPOINT WARNING * * *
The rat bites you but does no damage. Natasha claws you but does no damage.
Unknown command.
You closely miss Natasha. The rat bites you but does no damage.
Natasha barely misses you. The rat bites you.
* * * LOW HITPOINT WARNING * * *
Natasha claws you but does no damage.
Unknown command.
You hit Natasha but do no damage. The rat bites you.
You die...

#........# #.#..*
, ,
#........##.... ,
* ,
.............#*,#,
.........#=.###.#
, ,,,
.........#.##...#,
.......<...#..# *
,
#........#...####
, , * ,
.................
....#...h@.......
*
.......#.r......#
* *
....<...........#
..#..#.....^....#
, g.h####....<...#
, ,... #........#
, ,, .........# ,
, , ,.....##### ,
, ,


You could see Natasha and a rat.

Vanquished Creatures
  A goblin (D:1)
  A bat (D:1)
2 creatures vanquished.

Notes
Turn   | Place    | Note
-------+----------+-------------------------------------------
     0 | D:1      | snetch the Meteoran Wanderer began the quest for the Orb.
     0 | D:1      | snetch set off with the following items: a +0 club, a
                  | potion of lignification, a +0 scale mail; and the following
                  | spells available to memorise: Sting, Slow, Ignite Poison,
                  | Mephitic Cloud, Dazzling Flash.
     0 | D:1      | Reached XP level 1. HP: 14/14 MP: 3/3
     2 | D:1      | Learned a level 1 spell: Sting
   131 | D:3      | Noticed Natasha
   144 | D:3      | Slain by a rat

Illustrated notes

Levels and vault maps discovered:
D:1:      nagdon_arrival_double_spiral, layout_loops_ring,
          dreamdust_ecumenical_altar_hidden_monk_grotto,
          corexii_hall_statues_deadend, patterned_corridor
D:2:      layout_rooms, hex_intersection
D:3:      layout_rooms, grunt_ministairs_12, uniq_crazy_yiuf_cottage,
          uniq_natasha

Action                   || total
-------------------------++-------
Melee: Club              ||    15
 Cast: Sting             ||     4
Armor: Scale mail        ||    20
Dodge: Dodged            ||     7
